AoeStats
← Tinkerino

Nomad

507820854Analyzed
4v4 RM · 12d ago on Sep 19, 2026· 95m 37s· 8 players
Game mode
Random Map
Map size
231×231
Population
200
Speed
Normal
Resources
Standard
Victory
Conquest
Starting age
Dark Age
Ending age
Imperial Age
RankedLock teamsTeams togetherTeam positionsShared explorationLock speedFull tech treeHidden civsTurbo modeCheats
Victory
Defeat
🇻🇪 Portuguese · Venezuela
1308
+15
🇻🇪 Malay · Venezuela
1288
+16
🇨🇱 Mapuche · Chile
1256
+17
🇦🇷 Muisca · Argentina
1248
+18
🇦🇷 Byzantines · Argentina
1308
-17
🇨🇿 Koreans · Czechia
1297
-17
🇹🇷 Japanese · Türkiye
1290
-17
🇺🇸 Ethiopians · United States
1242
-15
GrandeAcure
9:09 Loom
10:32 Loom
14:24 Feudal Age
17:15 Forging
21:00 Castle Age
19:54 Double-Bit Axe
19:55 Fishing Lines
20:53 Horse Collar
23:39 Fletching
26:14 Bow Saw
28:05 Wheelbarrow
27:35 Gillnets
28:30 Heavy Plow
29:39 Hand Cart
30:01 Gold Mining
31:19 Bloodlines
31:10 Husbandry
32:21 Husbandry
33:15 Scale Barding Armor
37:16 Imperial Age
35:47 Chain Barding Armor
35:38 Forging
36:58 Stone Mining
37:53 Coinage
37:21 Cavalier
38:49 Plate Barding Armor
38:50 Iron Casting
39:34 Guilds
41:44 Blast Furnace
40:41 Bodkin Arrow
42:32 Siege Engineers
43:28 Chemistry
42:48 Ballistics
46:04 Masonry
48:42 Architecture
48:14 Bracer
48:07 Light Cavalry
50:04 Elite Cannon Galleon
51:48 Guard Tower
51:39 Treadmill Crane
51:55 Murder Holes
53:11 Two-Man Saw
57:48 Medium Warships
59:42 Padded Archer Armor
60:45 Banking
61:37 Elite Skirmisher
62:34 Leather Archer Armor
63:04 Crop Rotation
64:55 Thumb Ring
67:27 Ring Archer Armor
71:05 Conscription
79:47 Crossbowman
82:49 Conscription
82:38 Circumnavigation
86:42 Sappers
92:52 Heavy Warships
Tinkerino
5:44 Loom
13:34 Feudal Age
14:24 Double-Bit Axe
20:45 Castle Age
20:48 Crossbowman
22:08 Forging
21:50 Fletching
22:07 Scale Barding Armor
26:41 Bodkin Arrow
27:44 Padded Archer Armor
31:01 Fishing Lines
31:46 Leather Archer Armor
31:16 Horse Collar
33:15 Wheelbarrow
38:24 Imperial Age
45:39 Hand Cart
45:09 Town Watch
56:28 Hand Cart
56:36 Forging
57:14 Man-at-Arms
57:56 Squires
58:53 Heavy Plow
59:08 Long Swordsman
60:06 Two-Handed Swordsman
61:27 Iron Casting
66:43 Blast Furnace
65:27 Pikeman
66:18 Halberdier
67:11 Arbalester
68:01 Thumb Ring
67:59 Bracer
68:29 Ring Archer Armor
69:56 Stone Mining
71:13 Chemistry
72:27 Conscription
73:38 Ballistics
81:18 Elite Skirmisher
TENECTEPLASA
12:14 Loom
14:00 Feudal Age
18:06 Castle Age
15:54 Fishing Lines
16:11 Double-Bit Axe
16:57 Fletching
17:19 Gold Mining
18:04 Padded Archer Armor
19:04 Bodkin Arrow
21:30 Bow Saw
23:33 Champi Runner
25:14 Ballistics
27:29 Leather Archer Armor
27:15 Horse Collar
28:42 Stone Mining
30:59 Sanctity
31:42 Wheelbarrow
31:12 Gillnets
34:17 Malon
37:35 Imperial Age
38:31 Hand Cart
39:17 Conscription
40:06 Elite Bolas Rider
41:37 Conscription
41:57 Ring Archer Armor
43:18 Chemistry
42:24 Siege Engineers
43:23 Butalmapu
44:55 Town Watch
45:56 Hoardings
44:42 Elite Kona
46:08 Scale Mail Armor
46:34 Town Patrol
46:27 Elite Skirmisher
48:10 Gold Shaft Mining
47:36 Heavy Plow
48:12 Stone Shaft Mining
48:47 Caravan
49:20 Coinage
50:59 Crop Rotation
51:03 Banking
54:43 Murder Holes
54:29 Treadmill Crane
55:02 Masonry
63:06 Pikeman
64:19 Architecture
67:21 Crossbowman
72:45 Halberdier
75:02 Capped Ram
81:56 Chain Mail Armor
81:52 Forging
89:51 Iron Casting
89:46 Plate Mail Armor
90:53 Arson
93:34 Champi Warrior
96:36 Blast Furnace
Gokustar24
5:02 Loom
15:09 Feudal Age
16:59 Forging
19:23 Fishing Lines
21:50 Castle Age
21:25 Double-Bit Axe
21:24 Horse Collar
21:40 Gold Mining
21:56 Crossbowman
23:29 Bow Saw
23:42 Fletching
23:41 Champi Runner
24:31 Bodkin Arrow
34:12 Imperial Age
38:31 Conscription
41:08 Arbalester
42:27 Bracer
42:29 Padded Archer Armor
54:37 Wheelbarrow
53:57 Town Watch
55:41 Hand Cart
56:30 Two-Man Saw
55:11 Horse Collar
56:59 Elite Skirmisher
63:37 Leather Archer Armor
63:56 Ballistics
64:37 Chemistry
63:18 Treadmill Crane
66:25 Heavy Plow
74:47 Hoardings
79:00 Thumb Ring
92:01 Herbalism
91:36 Champi Runner
93:44 Gold Shaft Mining
93:01 Stone Mining
92:55 Champi Warrior
94:01 Scale Mail Armor
94:16 Elite Champi Warrior
| ArCas | Toruk Makto
14:05 Feudal Age
18:08 Castle Age
16:17 Horse Collar
16:25 Double-Bit Axe
16:46 Loom
17:46 Loom
19:33 Forging
20:18 Wheelbarrow
21:13 Husbandry
24:30 Iron Casting
27:35 Light Cavalry
29:03 Gold Mining
35:44 Murder Holes
39:05 Imperial Age
37:01 Heavy Plow
38:11 Scale Barding Armor
39:35 Chain Barding Armor
39:06 Fletching
40:09 Conscription
42:52 Plate Barding Armor
42:13 Bodkin Arrow
42:36 Hand Cart
45:16 Hoardings
44:49 Hussar
47:15 Murder Holes
47:40 Ballistics
47:49 Elite Cataphract
49:19 Crop Rotation
49:03 Bow Saw
50:59 Gold Shaft Mining
50:15 Stone Mining
55:50 Bracer
55:53 Scale Mail Armor
55:53 Bracer
58:12 Logistica
65:44 Stone Shaft Mining
72:01 Two-Man Saw
84:47 Pikeman
85:30 Squires
[82AD] WindCraft
8:02 Loom
9:34 Loom
13:23 Feudal Age
17:15 Fishing Lines
18:20 Double-Bit Axe
21:51 Castle Age
21:34 Horse Collar
32:22 Gold Mining
32:45 Bow Saw
33:14 Stone Mining
34:38 Wheelbarrow
35:06 Fletching
36:26 Hand Cart
39:23 Bodkin Arrow
40:51 Gillnets
42:06 Gold Shaft Mining
52:19 Imperial Age
53:01 Medium Warships
54:21 Bracer
55:57 Ballistics
56:31 Conscription
55:56 Elite Turtle Ship
56:50 Pikeman
58:35 Chemistry
61:00 Elite Skirmisher
62:43 Thumb Ring
62:04 Crossbowman
64:29 Arbalester
67:36 Squires
67:24 Gambesons
68:48 Capped Ram
72:28 Halberdier
73:24 Forging
73:14 Scale Mail Armor
73:16 Elite Fire Lancer
76:21 Iron Casting
76:01 Chain Mail Armor
77:29 Heavy Rocket Cart
79:22 Two-Man Saw
78:41 Chain Mail Armor
80:07 Treadmill Crane
80:41 Town Watch
91:02 Plate Mail Armor
OfFspRlNg
14:38 Feudal Age
12:54 Loom
19:00 Castle Age
17:24 Horse Collar
18:03 Double-Bit Axe
26:22 Bow Saw
28:22 Fletching
29:03 Crossbowman
33:22 Imperial Age
31:27 Bodkin Arrow
32:15 Ballistics
33:34 Thumb Ring
33:57 Padded Archer Armor
33:30 Arbalester
34:39 Bracer
36:25 Chemistry
37:22 Wheelbarrow
39:16 Hand Cart
40:48 Halberdier
41:30 Squires
44:02 Scale Mail Armor
46:31 Arson
47:04 Leather Archer Armor
47:05 Chain Mail Armor
49:24 Plate Mail Armor
49:04 Forging
49:25 Ring Archer Armor
59:58 Conscription
62:50 Iron Casting
79:17 Elite Skirmisher
86:02 Town Watch
86:50 Guilds
86:40 Caravan
89:31 Siege Engineers
hirax34
9:38 Loom
12:46 Feudal Age
19:15 Castle Age
18:41 Horse Collar
18:48 Double-Bit Axe
24:39 Scale Mail Armor
29:42 Forging
32:51 Stone Mining
38:57 Fletching
43:28 Fishing Lines
44:52 Gillnets
58:59 Imperial Age
58:28 Bow Saw
58:19 Crossbowman
59:05 Thumb Ring
59:31 Ballistics
59:06 Arbalester
60:06 Bodkin Arrow
60:12 Padded Archer Armor
60:08 Gold Mining
61:02 Parthian Tactics
61:26 Wheelbarrow
61:19 Bloodlines
61:09 Husbandry
62:30 Gold Shaft Mining
61:31 Heavy Cavalry Archer
62:59 Bracer
64:17 Leather Archer Armor
68:39 Chemistry
86:06 Two-Man Saw
88:03 Hand Cart
94:53 Scale Barding Armor
95:24 Iron Casting
Connection lost

Rejoining the realm…

Still unreachable

The connection could not be restored.

Session expired

The server has moved on; the page needs a fresh start.